 Dungeon Crawl Stone Soup version 0.32-a0-841-g4648e6c457 (webtiles) character file.

Game seed: 12995438662417746448

1295 pokeman the Thaumaturge (level 8, 0/44 HPs)
             Began as a Deep Elf Hedge Wizard on Mar 26, 2024.
             Was an Initiate of Vehumet.
             Succumbed to a gnoll sergeant's poison
             ... on level 6 of the Dungeon.
             The game lasted 00:10:44 (5255 turns).

pokeman the Thaumaturge (Deep Elf Hedge Wizard)     Turns: 5255, Time: 00:10:45

Health: 0/44       AC:  7    Str:  6    XL:     8   Next: 30%
Magic:  10/24      EV: 11    Int: 26    God:    Vehumet [......]
Gold:   143        SH:  0    Dex: 19    Spells: 19/27 levels left

rFire   . . .        i - +0 dagger (protect)
rCold   + + .        (no shield)
rNeg    . . .        y - +2 leather armour {rC+}
rPois   .            c - +0 hat
rElec   .            B - +0 cloak
rCorr   .            o - +0 pair of gloves
SInv    .            (no boots)
Will    .....        (no amulet)
Stlth   ++           f - +6 ring of dexterity
HPRegen 0.27/turn    l - ring of protection from cold
MPRegen 0.19/turn

%: no passive effects
@: lethally poisoned (0 -> -12)
A: clever 1, inability to read after injury 1
a: Renounce Religion


You were on level 6 of the Dungeon.
You worshipped Vehumet.
Vehumet was noncommittal.
You visited 2 branches of the dungeon, and saw 7 of its levels.

You collected 143 gold pieces.

Inventory:

Hand Weapons
 i - a +0 dagger of protection (weapon)
Armour
 c - a +0 hat (worn)
 o - a +0 pair of gloves (worn)
 y - a +2 leather armour of cold resistance (worn)
 B - a +0 cloak (worn)
Magical Staves
 m - a staff of alchemy
 A - a staff of cold
Jewellery
 a - a ring of willpower
 f - a +6 ring of dexterity (left hand)
 l - a ring of protection from cold (right hand)
Wands
 b - a wand of flame (17)
 p - a wand of acid (6)
Scrolls
 e - 3 scrolls of teleportation {unknown}
 g - 5 scrolls of identify {unknown}
 j - 3 scrolls of immolation {unknown}
 n - 2 scrolls of blinking {unknown}
 q - a scroll of vulnerability {unknown}
 r - a scroll of fog {unknown}
 t - a scroll of fear {unknown}
 v - a scroll of poison {unknown}
 w - a scroll of torment {unknown}
 x - 2 scrolls of noise {unknown}
Potions
 d - 2 potions of magic
 k - 2 potions of haste {unknown}
 s - a potion of curing {unknown}
 u - a potion of cancellation {unknown}
 z - a potion of brilliance {unknown}


   Skills:
 - Level 2.2 Fighting
 + Level 2.0 Armour
 - Level 3.0 Dodging
 - Level 3.0 Stealth
 * Level 10.0 Spellcasting
 + Level 5.2 Conjurations
 - Level 1.1 Summonings
 - Level 1.1 Translocations
 + Level 0.4 Ice Magic
 - Level 1.2 Air Magic
 - Level 1.1 Alchemy
 - Level 2.2 Evocations


You had 19 spell levels left.
You knew the following spells:

 Your Spells              Type           Power      Damage    Failure   Level
a - Magic Dart            Conj           100%       1d8       1%          1
b - Mephitic Cloud        Conj/Alch/Air  26%        N/A       8%          3
c - Call Imp              Summ           36%        N/A       7%          2
d - Blink                 Tloc           36%        N/A       7%          2

Your spell library contained the following spells:

 Spells                   Type           Power      Damage    Failure   Level
 Sting                    Conj/Alch      100%       1d9       1%          1
 Mercury Vapours          Alch/Air       38%        N/A       6%          2
 Slow                     Hex            52%        N/A       7%          1
 Cigotuvi's Dreadful Rot  Necr/Alch/Air  34%        N/A       8%          2
 Olgreb's Toxic Radiance  Alch           19%        N/A       38%         4


Dungeon Overview and Level Annotations

Branches:
Dungeon (6/15)             Temple (1/1) D:5

Altars:
Ashenzari
Cheibriados
Fedhas
Gozag
Hepliaklqana
Makhleb
Nemelex Xobeh
Qazlal
Ru
Sif Muna
Trog
Vehumet
Wu Jian
Xom
Yredelemnul
Zin
The Shining One


Innate Abilities, Weirdness & Mutations

Your mind is acute. (Int +4, Str/Dex -1)
You occasionally lose the ability to read scrolls when taking damage.


Message History

The gnoll is engulfed in noxious fumes.
The gnoll appears confused.
The gnoll hits the gnoll sergeant with a +0 flail.
The gnoll sergeant closely misses you.
Unknown command.
Unknown command.
You hit the gnoll but do no damage.
Your weapon exudes an aura of protection.
You feel very sick.
The gnoll is engulfed in noxious fumes.
The gnoll hits the gnoll sergeant but does no damage.
The gnoll barely misses itself.
Unknown command.
You feel very sick.
The gnoll is engulfed in noxious fumes.
The gnoll appears confused.
You feel sick.
The gnoll hits the gnoll sergeant with a +0 flail.
You feel sick.
You feel sick.
You feel sick.
The gnoll sergeant seems less confused.
The gnoll sergeant hits you from afar with a +1 spear of venom.
* * * LOW HITPOINT WARNING * * *
You are lethally poisoned!
Your magical contamination has completely faded away.
Casting: Mephitic Cloud (dangerous; 10% risk of failure)
Confirm with . or Enter, or press ? or * to list all spells.
Aiming: Mephitic Cloud (dangerous; 10% risk of failure)
Press: ? - help, Shift-Dir - straight line, f/p - gnoll
Aim: a gnoll, wielding a +0 flail (confused, chance to affect: 91%)
The ball explodes into a vile cloud!
The stinking cloud engulfs the gnoll sergeant.
The gnoll sergeant is moderately wounded.
* * * LOW HITPOINT WARNING * * *
You feel very sick.
You hear an angry hiss.
The gnoll sergeant is engulfed in noxious fumes.
The gnoll sergeant appears confused.
It was a potion of mutation.
You feel extremely strange.
You feel clever.
You occasionally lose the ability to read scrolls when taking damage.
You die...

................
.......☼).......
#.).# ##'###
#..g.+ #§☼g.#
#§§..#
#§.§.#........#
#.@..#........#
#....#........#
##...# .......#
#...# #......#
#...###.....##
#.....#......#
#.....'......#
#.....#......#
#######.##..####


You could see a gnoll sergeant (confused) and a gnoll (confused).

Vanquished Creatures
  3 yaks (D:5)
  A wyvern (D:4)
  A black bear (D:5)
  2 ogres
  2 bombardier beetles
  5 hounds (D:5)
  A sleepcap (D:5)
  6 gnolls
  2 adders
  4 ufetubi
  4 dart slugs
  2 ribbon worms
  3 orcs
  2 ball pythons
  6 bats
  5 endoplasms
  2 giant cockroaches (D:1)
  3 goblins (D:1)
  7 hobgoblins
  14 kobolds
  4 quokkas
  2 frilled lizards
  5 rats
86 creatures vanquished.

Vanquished Creatures (collateral kills)
  A bombardier beetle (D:5)
1 creature vanquished.

Grand Total: 87 creatures vanquished

Notes
Turn   | Place    | Note
-------+----------+-------------------------------------------
     0 | D:1      | pokeman the Deep Elf Hedge Wizard began the quest for the
                  | Orb.
     0 | D:1      | Reached XP level 1. HP: 10/10 MP: 7/7
   196 | D:1      | Found a faded altar of an unknown god.
   243 | D:1      | Reached XP level 2. HP: 15/15 MP: 1/9
   768 | D:1      | Reached skill level 5 in Spellcasting
  1160 | D:1      | Reached XP level 3. HP: 17/20 MP: 5/11
  1164 | D:1      | Learned a level 3 spell: Mephitic Cloud
  1167 | D:1      | Learned a level 2 spell: Call Imp
  1170 | D:1      | Learned a level 2 spell: Blink
  1639 | D:2      | Reached skill level 1 in Fighting
  1639 | D:2      | Reached skill level 1 in Armour
  1829 | D:2      | Reached XP level 4. HP: 25/25 MP: 10/13
  2405 | D:3      | Found an opulent altar of Gozag.
  2775 | D:3      | Found a shimmering altar of Xom.
  3065 | D:4      | Reached skill level 6 in Spellcasting
  3124 | D:4      | Reached XP level 5. HP: 29/29 MP: 10/15
  3326 | D:4      | Noticed a wyvern
  3481 | D:4      | Killed a wyvern
  3482 | D:4      | Reached skill level 1 in Air Magic
  3482 | D:4      | Reached skill level 1 in Alchemy
  3482 | D:4      | Reached skill level 1 in Evocations
  3482 | D:4      | Reached XP level 6. HP: 34/34 MP: 1/17
  3605 | D:4      | Reached skill level 7 in Spellcasting
  3888 | D:4      | Found a stormy altar of Qazlal.
  3954 | D:5      | Entered Level 5 of the Dungeon
  3983 | D:5      | Reached XP level 7. HP: 16/38 MP: 7/20
  4180 | D:5      | Noticed a yak
  4180 | D:5      | Noticed a yak
  4181 | D:5      | Noticed a yak
  4206 | D:5      | Killed a yak
  4207 | D:5      | Reached skill level 8 in Spellcasting
  4216 | D:5      | Killed a yak
  4217 | D:5      | Reached skill level 9 in Spellcasting
  4246 | D:5      | Killed a yak
  4247 | D:5      | Reached XP level 8. HP: 42/44 MP: 6/23
  4366 | D:5      | Found a staircase to the Ecumenical Temple.
  4371 | Temple   | Entered the Ecumenical Temple
  4390 | Temple   | Became a worshipper of Vehumet
  4566 | D:5      | Reached skill level 5 in Conjurations
  4898 | D:5      | Found a sacrificial altar of Ru.
  5245 | D:6      | Reached skill level 10 in Spellcasting
  5255 | D:6      | Gained mutation: Your mind is acute. (Int +4, Str/Dex -1)
                  | [potion of mutation]
  5255 | D:6      | Gained mutation: You occasionally lose the ability to read
                  | scrolls when taking damage. [potion of mutation]
  5255 | D:6      | Succumbed to a gnoll sergeant's poison

Illustrated notes

Levels and vault maps discovered:
D:1:      roadster_arrival_rocket_small, layout_loops_ring,
          ebering_ecumenical_altar_webs
D:2:      layout_loops_ring, chequers_serial_rivers_room_b
D:3:      layout_basic, nicolae_gozag_cash_rules_everything_around_me,
          general_overflow_altar, serial_bayou_pond_a
D:4:      layout_rooms, nicolae_qazlal_general_emergency,
          nicolae_concentric_dashed_squares_mild
D:5:      layout_basic, lemuel_round_altar, temple_doors_e
D:6:      layout_gridville
Temple:   oiseaux_autumnal_temple

Skill      XL: |  1  2  3  4  5  6  7  8 |
---------------+-------------------------+-----
Spellcasting   | 5 6 7 9 10 | 10.0
Fighting       | 1 2 |  2.2
Armour         | 1 2 |  2.0
Conjurations   | 2 3 4 5 |  5.2
Stealth        | 3 |  3.0
Dodging        | 3 |  3.0
Air Magic      | 1 |  1.2
Alchemy        | 1 |  1.1
Evocations     | 1 2 |  2.2
Summonings     | |  1.1
Translocations | |  1.1
Ice Magic      | |  0.4

Action                     |  1- 3 |  4- 6 |  7- 9 || total
---------------------------+-------+-------+-------++-------
  Melee: Dagger            |     5 |    29 |    32 ||    66
   Cast: Magic Dart        |    94 |    95 |    64 ||   253
         Mephitic Cloud    |     1 |     6 |     8 ||    15
         Call Imp          |       |     1 |     3 ||     4
    Use: Potion            |       |       |     1 ||     1
   Stab: Confused          |     2 |     7 |     4 ||    13
 Armour: Robe              |    18 |    13 |       ||    31
         Leather armour    |       |       |    18 ||    18
  Dodge: Dodged            |    18 |    12 |    21 ||    51

Table legend: (Time is in decaauts)
 A = Elapsed time spent in this place.
 B = Non-inter-level travel time spent in this place.
 C = Inter-level travel time spent in this place.
 D = Time resting spent in this place.
 E = Time spent auto-exploring this place.
 F = Levels seen in this place.
 G = Mean time per level.
                   A        B        C        D        E       F      G
               +--------+--------+--------+--------+--------+-----+--------+
         Total |   5256 |   5107 |    149 |     76 |   4334 |   7 |  750.9 |
       Dungeon |   5217 |   5104 |    113 |     76 |   4334 |   6 |  869.5 |
        Temple |     38 |      2 |     36 |      0 |      0 |   1 |   38.0 |
               +--------+--------+--------+--------+--------+-----+--------+

Top non-repeatable levels by time:
     D:1: 1389 daAuts
     D:5: 1169 daAuts
     D:4: 951 daAuts
     D:2: 940 daAuts
     D:3: 674 daAuts
     D:6: 92 daAuts
  Temple: 38 daAuts
